 Dungeon Crawl Stone Soup version 0.19.1-1-g22dce08 (webtiles) character file.

126 OrDronus the Grasshopper (level 5, -3/46 HPs)
             Began as a Naga Warper on Jan 11, 2017.
             Slain by an iguana (12 damage)
             ... on level 4 of the Dungeon.
             The game lasted 00:12:13 (3004 turns).

OrDronus the Grasshopper (Naga Warper)              Turns: 3004, Time: 00:12:14

Health: -3/46      AC:  4    Str: 13    XL:     5   Next: 10%
Magic:  8/8        EV: 10    Int: 13    God:
Gold:   126        SH:  0    Dex: 12    Spells: 1 memorised, 6 levels left

rFire  . . .     SeeInvis +     a - +0 falchion
rCold  . . .     Gourm    .     b - +0 leather armour
rNeg   . . .     Faith    .     (no shield)
rPois  +         Spirit   .     (no helmet)
rElec  .         Reflect  .     r - +0 cloak
rCorr  .         Harm     .     (no gloves)
MR     .....                    (no barding)
Stlth  +.........               (no amulet)
                                (no ring)
                                (no ring)

@: short of breath, very slow
A: see invisible, deformed body, poison resistance, slowness 2, slow metabolism
1, spit poison 1, AC +1
a: Spit Poison


You were on level 4 of the Dungeon.
You were hungry.

You visited 1 branch of the dungeon, and saw 4 of its levels.

You collected 126 gold pieces.

Inventory:

Hand Weapons
 a - a +0 falchion (weapon)
Missiles
 e - 5 tomahawks of dispersal (quivered)
Armour
 b - a +0 leather armour (worn)
 r - a +0 cloak (worn)
Jewellery
 l - a +3 amulet of reflection {unknown}
 s - a cursed ring of loudness {unknown}
Scrolls
 d - a scroll of blinking
 h - 2 scrolls of fear {unknown}
 j - 4 scrolls of remove curse {unknown}
 k - a scroll of recharging {unknown}
 m - 3 scrolls of identify {unknown}
 n - a scroll of enchant weapon {unknown}
Potions
 g - a potion of brilliance
 o - 2 potions of heal wounds
 p - a potion of degeneration {unknown}
Books
 c - a book of Spatial Translocations

   Spells                             Type                      Level
   a - Blink                          Translocation                2
   b - Shroud of Golubria             Charms/Translocation         2
   c - Lesser Beckoning               Translocation                3
   d - Portal Projectile              Translocation                3
   e - Teleport Other                 Translocation                3
   f - Passage of Golubria            Translocation                4
 i - a book of Callings

   Spells                             Type                      Level
   a - Summon Small Mammal            Summoning                    1
   b - Call Imp                       Summoning                    2
   c - Call Canine Familiar           Summoning                    3
   d - Summon Guardian Golem          Hexes/Summoning              3
   e - Summon Lightning Spire         Summoning/Air                4
   f - Summon Ice Beast               Ice/Summoning                4
Comestibles
 f - a bread ration
 q - 4 chunks of flesh


   Skills:
 + Level 2.4 Fighting
 + Level 3.2 Long Blades
 + Level 0.8 Throwing
 + Level 2.0 Armour
 + Level 2.1 Dodging
 + Level 2.1 Spellcasting
 * Level 3.4 Translocations


You had 6 spell levels left.
You knew the following spells:

 Your Spells              Type           Power        Failure   Level  Hunger
a - Blink                 Tloc           N/A          14%         2    ###....


Dungeon Overview and Level Annotations

Branches:
Dungeon (4/15)
 Temple: D:4-7

Altars:
Elyvilon
Fedhas
Sif Muna

Annotations:
D:2 Sigmund
D:4 Blork the orc; fatfloppyjuicyveiny's ghost, amateur TrMo


Innate Abilities, Weirdness & Mutations

You cannot wear boots.
Your serpentine skin is tough. (AC +1)
You have supernaturally acute eyesight. (SInv)
Armour fits poorly on your strangely shaped body.
Your system is resistant to poisons. (rPois)
You cover ground very slowly.
You have a slow metabolism.
You can spit poison.


Message History

You hit the iguana.
The iguana is severely wounded.
The iguana barely misses you.
You barely miss the iguana.
The iguana is severely wounded.
You have got your breath back.
The iguana closely misses you.
Press: ? - help, Shift-Dir - straight line, f/p - iguana
Aim: an iguana (severely wounded)
The splash of poison hits the iguana.
The iguana is severely wounded.
You feel slightly more hungry. The iguana bites you.
You hit the iguana.
The iguana is almost dead.
The iguana bites you!
* * * LOW HITPOINT WARNING * * *
You hit the iguana but do no damage.
The iguana is almost dead.
The iguana bites you!
You die...

#..#..# #.###.#
#.# ..# ##.#
#... #..# ..##
##.## .## o #..#
## ####..# #.##
##########.....#
#.# #.@l.......#
##.#
#####.##########
#..# #.....#
#.## ##(#####
#.#######..#
#.........##
###########


You could see an iguana.

Vanquished Creatures
  A howler monkey (D:4)
  A hound (D:4)
  2 adders
  A leopard gecko (D:1)
  2 bats
  6 giant cockroaches
  10 goblins
  2 hobgoblins
  3 kobolds
  3 frilled lizards (D:1)
  11 rats
42 creatures vanquished.

Notes
Turn   | Place    | Note
-------+----------+-------------------------------------------
     0 | D:1      | OrDronus the Naga Warper began the quest for the Orb.
     0 | D:1      | Reached XP level 1. HP: 19/19 MP: 3/3
   105 | D:1      | Reached XP level 2. HP: 15/26 MP: 5/5
   277 | D:1      | Reached skill level 1 in Armour
  1224 | D:1      | Reached XP level 3. HP: 25/32 MP: 6/6
  1548 | D:2      | Noticed Sigmund
  2509 | D:3      | Found a white marble altar of Elyvilon.
  2509 | D:3      | Found a deep blue altar of Sif Muna.
  2514 | D:3      | Found a faded altar of an unknown god.
  2516 | D:3      | Found a blossoming altar of Fedhas.
  2517 | D:3      | Found a faded altar of an unknown god.
  2701 | D:4      | Reached XP level 4. HP: 23/40 MP: 7/7
  2844 | D:4      | Noticed fatfloppyjuicyveiny's ghost (amateur TrMo)
  2895 | D:4      | Learned a level 2 spell: Blink
  2973 | D:4      | Reached XP level 5. HP: 46/46 MP: 8/8
  2984 | D:4      | Noticed Blork the orc
  3004 | D:4      | Slain by an iguana

Skill      XL: |  1  2  3  4 |
---------------+-------------+-----
Armour         | 1 2 |  2.0
Dodging        | 2 |  2.1
Long Blades    | 3 |  3.2
Fighting       | |  2.4
Throwing       | |  0.8
Spellcasting   | |  2.1
Translocations | |  3.4

Action                   |  1- 3 |  4- 6 || total
-------------------------+-------+-------++-------
Melee: Falchion          |   123 |    22 ||   145
 Abil: Spit Poison       |     6 |     7 ||    13
  Use: Potion            |     3 |       ||     3
  Eat: Chunk             |     4 |     1 ||     5
Armor: Leather armour    |    27 |     6 ||    33
Dodge: Dodged            |    68 |    12 ||    80
       Rpst.: Falchion   |    21 |     3 ||    24
